 Dungeon Crawl Stone Soup version 0.31.0-9-g3a7656b989 (webtiles) character file.

Game seed: 11909168758253424432

340 qw the Ducker (level 6, -1/30 HPs)
             Began as a Spriggan Hunter on Feb 2, 2024.
             Was an Initiate of Okawaru.
             Incinerated by a bombardier beetle (4 damage)
             ... with a burning spray
             ... on level 5 of the Dungeon.
             The game lasted 00:00:11 (3208 turns).

qw the Ducker (Spriggan Hunter)                     Turns: 3208, Time: 00:00:12

Health: -1/30      AC:  2    Str:  7    XL:     6   Next: 30%
Magic:  7/7        EV: 21    Int: 11    God:    Okawaru [......]
Gold:   238        SH:  0    Dex: 20    Spells: 5/5 levels left

rFire   . . .        a - +1 shortbow
rCold   . . .        (shield currently unavailable)
rNeg    + . .        c - +0 robe
rPois   .            (helmet restricted)
rElec   .            (no cloak)
rCorr   .            (gloves unavailable)
SInv    +            (boots unavailable)
Will    +....        (no amulet)
Stlth   +            e - ring of positive energy
HPRegen 0.25/turn    (no ring)
MPRegen 0.10/turn

%: no passive effects
@: on fire, glowing, very quick
A: very small, no large weapons, unfitting armour, see invisible, speed 3
a: Renounce Religion


You were on level 5 of the Dungeon.
You worshipped Okawaru.
Okawaru was noncommittal.
You visited 2 branches of the dungeon, and saw 6 of its levels.

You collected 238 gold pieces.


Innate Abilities, Weirdness & Mutations

You are very small and have problems with some larger weapons.
You are too small for most types of armour.
You have supernaturally acute eyesight. (SInv)
You cover ground extremely quickly. (Speed+++)


   Skills:
 - Level 2.2 Fighting
 + Level 6.0 Ranged Weapons
 - Level 6.1 Dodging
 - Level 1.5 Stealth


You had 5 spell levels left.
You didn't know any spells.
Your spell library was empty.

Inventory:

Hand Weapons
 a - a +1 shortbow (weapon)
Armour
 c - a +0 robe (worn)
Jewellery
 e - a ring of positive energy (left hand)
Wands
 h - a wand of polymorph (11)
Scrolls
 d - a scroll of identify
 i - 3 scrolls of teleportation
Potions
 b - a potion of heal wounds
 f - a potion of mutation {unknown}
 g - a potion of magic {unknown}
 j - a potion of haste {unknown}
 m - a potion of might {unknown}

Dungeon Overview and Level Annotations

Branches:
Dungeon (5/15)             Temple (1/1) D:5

Altars:
Ashenzari
Dithmenos
Elyvilon
Fedhas
Gozag
Hepliaklqana
Kikubaaqudgha
Makhleb
Okawaru
Qazlal
Ru
Vehumet
Xom
Yredelemnul
Zin
The Shining One

Shops:
D:1 [   D:4 (

Annotations:
D:3 2 transporters


Message History

You shoot an arrow. The arrow hits the bombardier beetle.
The bombardier beetle is severely wounded.
The bombardier beetle sprays incendiary fluid at you.
The burning spray misses you.
You shoot an arrow.
The arrow hits the bombardier beetle but does no damage.
The bombardier beetle is severely wounded.
You shoot an arrow. The arrow hits the bombardier beetle.
The bombardier beetle is almost dead.
You shoot an arrow.
The arrow barely misses the bombardier beetle.
You shoot an arrow. The arrow hits the bombardier beetle.
The bombardier beetle is almost dead.
You shoot an arrow.
The arrow hits the bombardier beetle but does no damage.
The bombardier beetle is almost dead.
The bombardier beetle sprays incendiary fluid at you.
The burning spray hits you.
You are covered in liquid fire!
You shoot an arrow. The arrow hits the bombardier beetle.
You kill the bombardier beetle!
Okawaru accepts your kill. The liquid fire burns you!
You feel your dexterity returning.
Your Dodging skill increases to level 6!
You are on fire!
The liquid fire burns you!
You are on fire!
The liquid fire burns you!
You are on fire!
The liquid fire burns you!
You are on fire!
The liquid fire burns you!
You are on fire!
The liquid fire burns you!
You are on fire!
The liquid fire burns you!
You are on fire!
The liquid fire burns you!
You die...

[....# ##%#~%_.~#.
####.#
##..#~...~#. # #..
#>..#.~~~.#. #
#.#.#.....#.
#######<#..#...#.#
#........<#.#.#..#
#.#####.#.##.#....
#.# #....##...##
#@# #.##.....##
#># #.######## ..?
#%# ..%.. #.#
#..$... ..#
......###.#
........ ..#
#...!...#####


There were no monsters in sight!

Vanquished Creatures
  A scorpion (D:5)
  A bombardier beetle (D:5)
  A hound (D:4)
  2 orc priests (D:4)
  An orc wizard (D:4)
  An iguana (D:4)
  2 adders
  3 dart slugs
  3 ribbon worms (D:2)
  11 orcs
  3 ball pythons
  2 bats (D:1)
  7 endoplasms
  2 giant cockroaches
  4 goblins
  5 hobgoblins
  4 jackals (D:5)
  7 kobolds
  2 quokkas
  A frilled lizard (D:2)
  5 rats
68 creatures vanquished.

Notes
Turn   | Place    | Note
-------+----------+-------------------------------------------
     0 | D:1      | qw the Spriggan Hunter began the quest for the Orb.
     0 | D:1      | Reached XP level 1. HP: 10/10 MP: 2/2
     0 | D:1      | 0 ||| qw: Version: 0.3-a-155-g5e7d8dd
     0 | D:1      | 0 ||| qw: Game counter: 1680
     0 | D:1      | 0 ||| qw: Melee chars always use a shield: true
     0 | D:1      | 0 ||| qw: God list: Okawaru
     0 | D:1      | 0 ||| qw: Allow faded altars: false
     0 | D:1      | 0 ||| qw: Do Orc after clearing Dungeon:15 true
     0 | D:1      | 0 ||| qw: Do second Lair branch before Depths: true
     0 | D:1      | 0 ||| qw: Lair rune preference: random
     0 | D:1      | 0 ||| qw: Goals: Normal
     0 | D:1      | 0 ||| PLANNING D:1-11
    38 | D:1      | Reached skill level 3 in Dodging
    77 | D:1      | Found Hanna's Armour Shop.
    84 | D:1      | Reached XP level 2. HP: 14/14 MP: 3/3
    87 | D:1      | 87 ||| SHOPLISTING +0 cloak (58 gold, have 0).
    87 | D:1      | 87 ||| SHOPLISTING scarf of repulsion (156 gold, have 0).
    88 | D:1      | 88 ||| DROPPING scroll of butterflies.
   734 | D:1      | 734 ||| READING scroll labelled KUINEIREFF.
   835 | D:1      | 835 ||| READING 3 scrolls labelled NYKHLA PIOXEN.
   836 | D:1      | 836 ||| READING scroll labelled GAOTIM ROITEGU.
   836 | D:1      | 836 ||| ENCHANTING +0 shortbow.
   837 | D:1      | 837 ||| DRINKING 2 metallic brown potions.
   838 | D:1      | 838 ||| DROPPING 2 scrolls of amnesia.
   839 | D:1      | 839 ||| DROPPING potion of degeneration.
   909 | D:2      | Reached XP level 3. HP: 18/18 MP: 4/4
   996 | D:2      | Found a faded altar of an unknown god.
  1243 | D:2      | Found a glowing silver altar of Zin.
  1420 | D:2      | 1420 ||| READING scroll labelled DET BUADATOCAZ.
  1533 | D:3      | Found a transporter.
  1803 | D:3      | Found a transporter.
  2225 | D:3      | 2225 ||| READING scroll labelled UBURCHI KOKHLO.
  2226 | D:3      | 2226 ||| READING scroll labelled GAQELAE IN XOZ.
  2249 | D:4      | Reached XP level 4. HP: 8/23 MP: 5/5
  2534 | D:4      | Found Wuck's Antique Weapon Shop.
  2605 | D:4      | Reached XP level 5. HP: 26/26 MP: 6/6
  2916 | D:4      | 2916 ||| UPGRADING to ring of positive energy.
  2917 | D:4      | 2917 ||| READING 2 scrolls labelled SIRRIWETHRA.
  2917 | D:4      | 2917 ||| IDENTIFYING fuming green potion
  2918 | D:4      | 2918 ||| READING scroll of identify.
  2918 | D:4      | 2918 ||| IDENTIFYING inky potion
  2919 | D:4      | 2919 ||| READING scroll labelled ARUIZE TARE.
  2920 | D:4      | 2920 ||| DROPPING potion of lignification.
  2941 | D:5      | Entered Level 5 of the Dungeon
  2964 | D:5      | Found a staircase to the Ecumenical Temple.
  2965 | D:5      | 2965 ||| PLANNING TEMPLE
  2973 | Temple   | Entered the Ecumenical Temple
  2974 | Temple   | 2974 ||| PLANNING OKAWARU WORSHIP
  2988 | Temple   | Became a worshipper of Warmaster Okawaru
  2989 | Temple   | 2989 ||| PLANNING D:1-11
  3088 | D:5      | Found a sacrificial altar of Ru.
  3139 | D:5      | Reached skill level 6 in Ranged Weapons
  3174 | D:5      | Reached XP level 6. HP: 30/30 MP: 7/7
  3202 | D:5      | Reached skill level 6 in Dodging
  3207 | D:5      | HP: 3/30 [burnt (5)]
  3208 | D:5      | Incinerated by a bombardier beetle

Levels and vault maps discovered:
D:1:      amcnicky_arrival_single_pillar, layout_loops_ring, serial_shops,
          nicolae_shop_hallway_plus
D:2:      layout_basic, basic_altar, hellmonk_ecumenical_altar_inner_sanctum
D:3:      gammafunk_wand_slinger, layout_basic
D:4:      layout_cave_pools, serial_shops, nicolae_shop_just_a_little_nook
D:5:      layout_loops_ring, nicolae_ru_awakened_eye, general_overflow_altar,
          minmay_temple_entry_stoned_glass, st_stairs_13,
          kennysheep_generic_room_6
Temple:   hellmonk_temple_of_storms

Skill      XL: |  1  2  3  4  5  6 |
---------------+-------------------+-----
Dodging        | 3 4 5 6 |  6.1
Ranged Weapons | 5 6 |  6.0
Fighting       | 2 |  2.2
Stealth        | |  1.5

Action                     |  1- 3 |  4- 6 || total
---------------------------+-------+-------++-------
   Fire: Shortbow          |   121 |    94 ||   215
    Use: Scroll            |     6 |     3 ||     9
         Potion            |     1 |       ||     1
 Armour: Robe              |     6 |     7 ||    13
  Dodge: Dodged            |    25 |    32 ||    57

Table legend:
 A = Non-vault XP
 B = Vault XP
 C = Vault XP percentage of total XP
 D = Non-vault monster count
 E = Vault monster count
 F = Vault count percentage of total count
                 A         B        C        D         E       F
            +---------+---------+-------+---------+---------+-------
      Total |     473 |      14 |   2.9 |      67 |       1 |   1.5
            +---------+---------+-------+---------+---------+-------
        D:1 |      36 |       0 |   0.0 |      19 |       0 |   0.0
        D:2 |      46 |       0 |   0.0 |      15 |       0 |   0.0
        D:3 |      12 |       0 |   0.0 |       6 |       0 |   0.0
        D:4 |     234 |       0 |   0.0 |      18 |       0 |   0.0
        D:5 |     145 |      14 |   8.8 |       9 |       1 |  10.0
            +---------+---------+-------+---------+---------+-------
